 Dungeon Crawl Stone Soup version 0.31-a0-271-gb88eb75e06 (webtiles) character file.

Game seed: 629008785045045868

44716 HallandMoats the Fighter (level 13, -13/111 HPs)
             Began as a Demonspawn Fighter on July 15, 2023.
             Was an Elder of Qazlal.
             Killed from afar by Roxanne (35 damage)
             ... with a crystal spear
             ... on level 15 of the Dungeon.
             The game lasted 00:36:44 (16083 turns).

HallandMoats the Fighter (Demonspawn Fighter)      Turns: 16083, Time: 00:36:45

Health: -13/111    AC: 26    Str: 21    XL:     13   Next: 97%
Magic:  0/21       EV: 16    Int: 10    God:    Qazlal [****..]
Gold:   985        SH: 11    Dex: 13    Spells: 12/12 levels left

rFire   . . .        a - +0 broad axe
rCold   . . .        c - +1 buckler
rNeg    . . .        l - +2 chain mail {rPois}
rPois   +            g - +0 helmet
rElec   +            x - +1 cloak
rCorr   .            (no gloves)
SInv    .            f - +0 pair of boots
Will    .....        P - amulet of regeneration Stlth
                     K - +4 ring of protection
HPRegen 1.18/turn    y - +5 ring of evasion
MPRegen 0.34/turn

%: repel missiles, guardian spirit
@: no status effects
A: thin metallic scales 3, spiny 1, magic shield, magic regeneration, magic
link, corrupting presence 1, demonic touch 2
a: Renounce Religion, Upheaval, Elemental Force


You were on level 15 of the Dungeon.
You worshipped Qazlal.
Qazlal was greatly pleased with you.
You visited 2 branches of the dungeon, and saw 16 of its levels.
You also visited: Sewer.

You collected 985 gold pieces.

Inventory:

Hand Weapons
 a - a +0 broad axe (weapon)
 b - a +1 whip of venom
Missiles
 C - 2 throwing nets
Armour
 c - a +1 buckler (worn)
 d - a +0 troll leather armour {Pargi}
 f - a +0 pair of boots (worn)
 g - a +0 helmet (worn)
 i - an orb of energy
 l - a +2 chain mail of poison resistance (worn)
 x - a +1 cloak (worn)
 J - an orb of guile
Jewellery
 r - a ring of poison resistance
 y - a +5 ring of evasion (right hand)
 K - a +4 ring of protection (left hand)
 P - an amulet of regeneration (around neck)
Talismans
 L - a serpent talisman
Wands
 q - a wand of light (10)
 t - a wand of digging (2)
 w - a wand of charming (30)
 z - a wand of mindburst (16)
 D - a wand of roots (13)
 F - a wand of flame (43)
Scrolls
 e - 7 scrolls of fog
 k - 2 scrolls of amnesia
 p - 4 scrolls of enchant weapon
 v - a scroll of poison
 E - a scroll of silence
 G - a scroll of identify
Potions
 j - 2 potions of lignification
 m - 2 potions of magic {unknown}
 n - 4 potions of mutation
 o - 2 potions of might
 s - a potion of degeneration {unknown}
 u - 3 potions of attraction {unknown}
 A - 4 potions of heal wounds {unknown}
 B - a potion of resistance {unknown}
 H - 2 potions of haste {unknown}
 I - a potion of ambrosia {unknown}
 M - a potion of berserk rage {unknown}
 O - a potion of enlightenment {unknown}
Miscellaneous
 h - a box of beasts


   Skills:
 * Level 13.3 Fighting
 * Level 12.1 Axes
 + Level 9.2 Armour
 + Level 8.7 Dodging
 - Level 5.0 Shields
 + Level 11.2 Invocations


You had 12 spell levels left.
You didn't know any spells.
Your spell library contained the following spells:

 Spells                   Type           Power      Damage    Failure   Level
 Summon Small Mammal      Summ           0%         N/A       94%         1
 Wereblood                Tmut           0%         N/A       98%         2
 Call Canine Familiar     Summ           0%         N/A       100%        3
 Inner Flame              Hex/Fire       0%         N/A       100%        3
 Mephitic Cloud           Conj/Pois/Air  0%         N/A       100%        3
 Ozocubu's Armour         Ice            0%         N/A       100%        3
 Summon Guardian Golem    Hex/Summ       0%         N/A       100%        3
 Volatile Blastmotes      Fire/Tloc      0%         2d10      100%        3
 Animate Dead             Necr           0%         N/A       100%        4
 Irradiate                Conj/Tmut      0%         3d11      100%        5
 Yara's Violent Unravell  Hex/Tmut       0%         3d3       100%        5
 Enfeeble                 Hex            0%         N/A       100%        7
 Haunt                    Necr/Summ      0%         N/A       100%        7
 Ozocubu's Refrigeration  Ice            0%         4d7       100%        7
 Ignition                 Fire           0%         3d3       100%        8
 Infestation              Necr           0%         N/A       100%        8


Dungeon Overview and Level Annotations

Branches:
Dungeon (15/15)            Temple (1/1) D:5            Lair (0/5) D:10
    Orc (0/2) D:11         Vaults (0/5) D:14         Depths (0/4) D:15
  Sewer (visited)

Altars:
Ashenzari
Cheibriados
Dithmenos
Fedhas
Gozag
Hepliaklqana
Kikubaaqudgha
Makhleb
Nemelex Xobeh
Okawaru
Qazlal
Ru
Sif Muna
Trog
Uskayaw
Vehumet
Wu Jian
Xom
Yredelemnul

Annotations:
D:1 1 transporter
D:14 3 runed translucent doors, Emeygaep's ghost, journeyman DjFE
D:15 Roxanne


Innate Abilities, Weirdness & Mutations

You are completely covered in thin metallic scales. (AC +4, rElec)
You are partially covered in sharp spines.
When hurt, damage is shared between your health and your magic reserves.
You regenerate magic rapidly.
When low on magic, you restore magic in place of health.
Your presence sometimes corrodes those you injure.
Your touch may inflict irresistible damage on your foes.


Message History

You hit Roxanne.
Roxanne is heavily damaged.
You hit Roxanne.
Roxanne is heavily damaged.
You slash Roxanne!
Roxanne is severely damaged.
You hit Roxanne.
Your corrupting presence corrodes Roxanne!
Roxanne is severely damaged.
You hit Roxanne but do no damage.
Roxanne is severely damaged.
You slice Roxanne!!
Roxanne is severely damaged.
Roxanne mumbles some strange words.
The bolt of magma hits you!!
You hit Roxanne.
Roxanne is severely damaged.
You hit Roxanne but do no damage.
Roxanne is severely damaged.
Roxanne casts a spell.
You blink.
Roxanne casts a spell.
You hear a sizzling sound!
Roxanne is no longer covered in acid.
Roxanne casts a spell.
The crystal spear hits you!!!
Roxanne casts a spell.
The crystal spear hits you!!!
* * * LOW HITPOINT WARNING * * *
You slash Roxanne!
Roxanne is severely damaged.
You slash Roxanne!
Roxanne is almost destroyed.
Roxanne casts a spell.
The crystal spear is repelled.
You slash Roxanne!
Roxanne is almost destroyed.
Roxanne mumbles some strange words.
The crystal spear hits you!!!
You die...

......#####.## #.................
......#......####......##.##...#.
......#...................##...#.
......#..........................
......#..........................
(.....#..........................
......#........○.°...............
......#........○°°..!............
......#.........@......#####.....
#.#.###..........8?....# #.....
#.#.# #.......°.○°.....# #...#.
#.#.# #####.#..........#####.....
....# #.#....................
#.#.#######.#.......#.#.####...#.
.................................
#.#.##############.............#.
#.#.##############....######.#.#.


You could see Roxanne.

Vanquished Creatures
  A stone giant (D:15)
  A fire dragon (D:12)
  A hydra (D:14)
  6 centaur warriors
  A death knight (D:14)
  An ogre mage (D:14)
  2 boulder beetles
  2 tengu warriors (D:15)
  5 two-headed ogres
  An orc high priest (D:14)
  7 skeletal warriors
  Pikel (D:7)
  A deep elf pyromancer (D:13)
  2 orc sorcerers (D:14)
  16 ugly things
  6 cyclopes
  A manticore (D:15)
  An elephant (D:10)
  5 gargoyles
  Joseph (D:7)
  A komodo dragon (shapeshifter) (D:12)
  2 unseen horrors (D:12)
  4 freezing wraiths
  2 komodo dragons
  3 trolls
  Grinder (D:3)
  A centaur simulacrum (D:15)
  7 slime creatures
  2 shadows
  2 water elementals (D:13)
  16 yaks
  6 wraiths
  A golden eye (shapeshifter) (D:13)
  A basilisk (shapeshifter) (D:13)
  3 basilisks
  8 vampire mosquitoes
  A steam dragon (D:6)
  Duvessa (D:7)
  2 water moccasins (D:8)
  2 acid dragons
  2 orc warriors
  Pargi (Sewer)
  2 black bears
  2 ice beasts
  A sky beast (D:8)
  A hornet zombie (D:7)
  4 centaurs
  3 ogres (D:5)
  A phantom (D:5)
  2 bullfrogs
  A kobold brigand (D:10)
  3 gnoll sergeants
  A wyvern zombie (D:7)
  3 scorpions
  17 wights
  Dowan (D:7)
  7 howler monkeys
  2 electric eels (D:13)
  5 centaur zombies (D:7)
  Crazy Yiuf (D:3)
  5 hounds
  3 orc priests
  A gnoll bouda (D:9)
  Jessica (D:2)
  Terence (D:2)
  4 iguanas
  7 orc wizards
  A boggart simulacrum (D:15)
  2 howler monkey zombies (D:7)
  14 gnolls
  8 adders
  4 river rats (D:3)
  4 shadow imps
  2 white imps
  5 worms
  A dart slug (D:5)
  46 orcs
  9 endoplasms
  A giant cockroach (D:1)
  8 goblins
  8 hobgoblins
  3 jackals (D:1)
  4 quokkas
  9 ball pythons
  8 bats
  6 frilled lizards
  6 kobolds
  6 rats
365 creatures vanquished.

Vanquished Creatures (collateral kills)
  2 skeletal warriors (D:13)
2 creatures vanquished.

Vanquished Creatures (others)
  An orc wizard (D:11)
1 creature vanquished.

Grand Total: 368 creatures vanquished

Notes
Turn   | Place    | Note
-------+----------+-------------------------------------------
     0 | D:1      | HallandMoats the Demonspawn Fighter began the quest for the
                  | Orb.
     0 | D:1      | Reached XP level 1. HP: 18/18 MP: 1/1
   197 | D:1      | Gained mutation: You are partially covered in sharp spines.
                  | [demonic ancestry]
   197 | D:1      | Reached XP level 2. HP: 15/24 MP: 2/2
   532 | D:1      | Gained mutation: You are partially covered in thin metallic
                  | scales. (AC +2) [demonic ancestry]
   532 | D:1      | Reached XP level 3. HP: 28/29 MP: 3/3
  1070 | D:2      | Noticed Jessica
  1076 | D:2      | Killed Jessica
  1077 | D:2      | Reached skill level 1 in Dodging
  1077 | D:2      | Reached XP level 4. HP: 36/36 MP: 4/4
  1660 | D:2      | Noticed Terence
  1669 | D:2      | Killed Terence
  1718 | D:2      | Got Sif Muna's Codex of Bright Fever
  1930 | D:3      | Gained mutation: You regenerate magic rapidly. [demonic
                  | ancestry]
  1930 | D:3      | Reached XP level 5. HP: 26/42 MP: 5/5
  1951 | D:3      | Reached skill level 4 in Fighting
  1999 | D:3      | Found a glowing drain.
  2011 | Sewer    | Entered a sewer
  2026 | Sewer    | Noticed Pargi
  2034 | Sewer    | Killed Pargi
  2035 | Sewer    | Reached XP level 6. HP: 38/49 MP: 6/6
  2317 | D:3      | Noticed Grinder
  2330 | D:3      | Paralysed by Grinder for 2 turns
  2337 | D:3      | Paralysed by Grinder for 3 turns
  2346 | D:3      | Killed Grinder
  2347 | D:3      | Gained mutation: You are mostly covered in thin metallic
                  | scales. (AC +3) [demonic ancestry]
  2347 | D:3      | Reached XP level 7. HP: 50/55 MP: 7/7
  2566 | D:3      | Found a runed translucent door.
  2567 | D:3      | Noticed Crazy Yiuf
  2857 | D:3      | Killed Crazy Yiuf
  3030 | D:4      | Reached skill level 5 in Fighting
  3121 | D:4      | You fall into a shaft and drop 1 floor!
  3121 | D:5      | Entered Level 5 of the Dungeon
  3261 | D:5      | Found a staircase to the Ecumenical Temple.
  3275 | Temple   | Entered the Ecumenical Temple
  3546 | Temple   | Became a worshipper of Qazlal Stormbringer
  3567 | D:5      | Identified the amulet of Makhleb's Inspiration {Faith rC+
                  | Stlth+}
  3593 | D:5      | Reached skill level 1 in Invocations
  3593 | D:5      | Gained mutation: When hurt, damage is shared between your
                  | health and your magic reserves. [demonic ancestry]
  3593 | D:5      | Reached XP level 8. HP: 57/64 MP: 8/8
  3732 | D:5      | Reached skill level 5 in Axes
  3826 | D:5      | Reached skill level 6 in Fighting
  4796 | D:6      | Reached * piety under Qazlal
  5741 | D:7      | Gained mutation: You are completely covered in thin
                  | metallic scales. (AC +4, rElec) [demonic ancestry]
  5741 | D:7      | Reached XP level 9. HP: 70/71 MP: 9/11
  5772 | D:7      | Reached skill level 7 in Fighting
  5797 | D:7      | Reached skill level 5 in Armour
  6053 | D:7      | Reached ** piety under Qazlal
  6054 | D:7      | Reached skill level 5 in Shields
  6098 | D:7      | Noticed Dowan
  6099 | D:7      | Noticed Duvessa
  6100 | D:7      | Noticed Pikel
  6108 | D:7      | Killed Duvessa
  6110 | D:7      | Killed Dowan
  6122 | D:7      | Killed Pikel
  6387 | D:7      | Noticed Joseph
  6396 | D:7      | Killed Joseph
  6397 | D:7      | Reached skill level 8 in Fighting
  6397 | D:7      | Reached skill level 5 in Invocations
  6555 | D:8      | Identified the +2 robe "Keyrehei" {Str+3}
  6581 | D:8      | Gained mutation: When low on magic, you restore magic in
                  | place of health. [demonic ancestry]
  6581 | D:8      | Reached XP level 10. HP: 74/80 MP: 11/13
  7341 | D:9      | Noticed a two-headed ogre
  7390 | D:10     | Entered Level 10 of the Dungeon
  7585 | D:9      | Reached skill level 5 in Dodging
  7586 | D:9      | Killed a two-headed ogre
  7850 | D:9      | Reached *** piety under Qazlal
  8326 | D:10     | Reached skill level 9 in Fighting
  8618 | D:10     | Noticed a two-headed ogre
  8626 | D:10     | Killed a two-headed ogre
  9048 | D:10     | Noticed an elephant
  9069 | D:10     | Killed an elephant
  9070 | D:10     | Gained mutation: Your touch may inflict minor irresistible
                  | damage on your foes. [demonic ancestry]
  9070 | D:10     | Reached XP level 11. HP: 72/89 MP: 16/16
  9094 | D:10     | Found a staircase to the Lair.
  9620 | D:11     | Identified the +3 hand axe of Kismet {distort, rN+}
  9854 | D:11     | Noticed a boulder beetle
  9860 | D:11     | Found a staircase to the Orcish Mines.
  9954 | D:11     | Killed a boulder beetle
  9955 | D:11     | Reached skill level 10 in Fighting
 10034 | D:11     | Reached **** piety under Qazlal
 10381 | D:12     | Noticed a red ugly thing
 10395 | D:12     | Killed a red ugly thing
 10563 | D:12     | Noticed a skeletal warrior
 10563 | D:12     | Noticed a skeletal warrior
 10563 | D:12     | Noticed a skeletal warrior
 10563 | D:12     | Noticed a skeletal warrior
 10564 | D:12     | Noticed a skeletal warrior
 10603 | D:12     | Killed a skeletal warrior
 10615 | D:12     | Killed a skeletal warrior
 10636 | D:12     | Killed a skeletal warrior
 10655 | D:12     | Killed a skeletal warrior
 10707 | D:12     | Noticed a two-headed ogre
 10712 | D:12     | Noticed a red ugly thing
 10972 | D:12     | Gained mutation: Your touch may inflict irresistible damage
                  | on your foes. [demonic ancestry]
 10972 | D:12     | Reached XP level 12. HP: 89/99 MP: 18/18
 11218 | D:12     | Noticed a fire dragon
 11246 | D:12     | Killed a fire dragon
 11247 | D:12     | Reached skill level 11 in Fighting
 11256 | D:12     | Reached skill level 10 in Axes
 11741 | D:12     | Killed a two-headed ogre
 11890 | D:13     | Noticed a centaur warrior
 11906 | D:13     | Killed a centaur warrior
 12789 | D:13     | Noticed a centaur warrior
 12798 | D:13     | Killed a centaur warrior
 12799 | D:13     | Reached skill level 12 in Fighting
 12862 | D:13     | Noticed a centaur warrior
 12874 | D:13     | Killed a centaur warrior
 12896 | D:13     | Noticed a centaur warrior
 12937 | D:14     | Noticed a two-headed ogre
 12939 | D:14     | Noticed a two-headed ogre
 12952 | D:13     | Killed a centaur warrior
 12953 | D:13     | Reached skill level 10 in Invocations
 12953 | D:13     | Gained mutation: Your presence sometimes corrodes those you
                  | injure. [demonic ancestry]
 12953 | D:13     | Reached XP level 13. HP: 52/108 MP: 17/20
 13266 | D:14     | Found a runed translucent gate.
 13266 | D:14     | Found a runed translucent gate.
 13266 | D:14     | Found a runed translucent gate.
 13268 | D:14     | Noticed an orc warlord
 13269 | D:14     | Noticed a merfolk javelineer
 13270 | D:14     | Noticed Emeygaep's ghost (journeyman DjFE)
 13271 | D:14     | Noticed a merfolk javelineer
 13273 | D:14     | Found an iron altar of Okawaru.
 13464 | D:14     | Found a gate to the Vaults.
 13599 | D:14     | Found a runed translucent door.
 13810 | D:14     | Paralysed by an orc sorcerer for 5 turns
 13838 | D:14     | HP: 2/109 [hellwing[an orc high priest] (7)]
 14142 | D:14     | Paralysed by an orc sorcerer for 4 turns
 14273 | D:15     | Entered Level 15 of the Dungeon
 14803 | D:14     | Reached skill level 13 in Fighting
 15282 | D:15     | Noticed Roxanne
 15564 | D:15     | Found a staircase to the Depths.
 15565 | D:15     | Noticed a stone giant
 15580 | D:15     | Killed a stone giant
 16083 | D:15     | Killed from afar by Roxanne

Illustrated notes

Levels and vault maps discovered:
D:1:      spicycebolla_arrival_transporter_tutorial, layout_basic,
          nicolae_kite_square_tiling_tiny
D:2:      layout_basic, uniq_jessica, uniq_terence
D:3:      layout_loops_ring, lightli_sewer_entry_pipes, minivault_23,
          uniq_grinder, uniq_crazy_yiuf_cottage
D:4:      layout_loops_ring, nicolae_concentric_dashed_squares_mild
D:5:      layout_basic, minmay_temple_entry_overgrown, chequers_garden
D:6:      layout_basic
D:7:      layout_rooms, serial_undead, serial_undead_a, serial_undead_c,
          serial_undead_a, serial_undead_b, serial_undead_d, serial_undead_c,
          sigmund_army, uniq_joseph, uniq_duvessa, uniq_pikel
D:8:      layout_loops_ring, kennysheep_donut
D:9:      layout_loops_ring, tso_altar, chequers_serial_rivers_micro_e,
          kennysheep_doodads, amcnicky_mini_rare_corridor_liquid
D:10:     layout_cave_pods, david_lair_generic
D:11:     layout_irregular_city, orc_0_dummy
D:12:     minmay_tri_box, layout_basic
D:13:     layout_grid_maze, serial_bayou, serial_bayou_shore_b,
          serial_bayou_shore_a, serial_bayou_lagoon_a, serial_bayou_ford_a,
          serial_bayou_pond_b
D:14:     layout_cave_pools, david_vaults_2, gammafunk_ghost_fury_of_okawaru,
          elyvilon_altar_5, drop_trap, minmay_splitting_lines,
          lightli_church_of_beogh
D:15:     grunt_enter_depths_snipers, layout_basic, minmay_misc_feat_chi,
          uniq_roxanne
Temple:   compressed_dpeg_triangle_lava_temple

Skill      XL: |  1  2  3  4  5  6  7  8  9 10 11 12 13 |
---------------+----------------------------------------+-----
Axes           | 2 3 4 5 7 8 9 11 12 | 12.1
Armour         | 3 4 5 6 7 8 9 |  9.2
Dodging        | 1 2 3 4 5 6 7 8 |  8.7
Shields        | 3 4 5 |  5.0
Fighting       | 4 5 6 8 9 10 12 13 | 13.3
Invocations    | 1 3 5 6 8 10 11 | 11.2

Action                     |  1- 3 |  4- 6 |  7- 9 | 10-12 | 13-15 || total
---------------------------+-------+-------+-------+-------+-------++-------
  Melee: War axe           |    76 |   113 |   269 |    15 |       ||   473
         Hand axe          |       |       |       |   850 |   120 ||   970
         Broad axe         |       |       |       |       |   176 ||   176
         Whip              |       |       |       |       |    15 ||    15
         Unarmed           |       |       |       |       |    11 ||    11
 Invoke: Upheaval          |       |       |       |     2 |     1 ||     3
         Elemental Force   |       |       |       |     1 |       ||     1
    Use: Potion            |       |     1 |       |     5 |     6 ||    12
         Scroll            |       |       |     3 |    19 |     3 ||    25
 Armour: Scale mail        |    42 |     9 |       |       |       ||    51
         Chain mail        |       |    53 |   185 |   412 |   238 ||   888
  Dodge: Dodged            |    36 |    31 |   101 |   290 |   191 ||   649
         Repelled          |       |       |       |     3 |     9 ||    12
  Block: Buckler           |    17 |    28 |   116 |   390 |   223 ||   774

Table legend: (Time is in decaauts)
 A = Elapsed time spent in this place.
 B = Non-inter-level travel time spent in this place.
 C = Inter-level travel time spent in this place.
 D = Time resting spent in this place.
 E = Time spent auto-exploring this place.
 F = Levels seen in this place.
 G = Mean time per level.
                   A        B        C        D        E       F      G
               +--------+--------+--------+--------+--------+-----+--------+
         Total |  16281 |  15681 |    600 |   1343 |  10289 |  17 |  957.7 |
       Dungeon |  15774 |  15174 |    600 |   1343 |   9915 |  15 | 1051.6 |
        Temple |    278 |    278 |      0 |      0 |    243 |   1 |  278.0 |
         Sewer |    227 |    227 |      0 |      0 |    131 |   1 |  227.0 |
               +--------+--------+--------+--------+--------+-----+--------+

Top non-repeatable levels by time:
    D:13: 1831 daAuts
    D:12: 1516 daAuts
    D:10: 1316 daAuts
    D:15: 1179 daAuts
    D:14: 1159 daAuts
     D:3: 1076 daAuts
     D:6: 1075 daAuts
     D:1: 1068 daAuts
    D:11: 900 daAuts
     D:9: 884 daAuts
     D:7: 854 daAuts
     D:2: 789 daAuts
     D:8: 732 daAuts
     D:4: 728 daAuts
     D:5: 659 daAuts
